 Dungeon Crawl Stone Soup version 0.30-a0-1163-gf69bf04e7a (webtiles) character file.

Game seed: 16072674320331030023

12926 Darkkill the Fighter (level 11, -9/102 HPs)
             Began as a Minotaur Hunter on Apr 28, 2023.
             Was an Initiate of Gozag.
             Mangled by an ogre
             ... wielding a +0 giant spiked club
             ... led by Lodul
              (14 damage)
             ... on level 10 of the Dungeon.
             The game lasted 00:21:40 (10965 turns).

Darkkill the Fighter (Minotaur Hunter)             Turns: 10965, Time: 00:21:40

Health: -9/102     AC: 22    Str: 22    XL:     11   Next: 68%
Magic:  10/10      EV:  3    Int:  6    God:    Gozag
Gold:   537        SH:  0    Dex: 18    Spells: 10/10 levels left

rFire   . . .        a - +6 hand crossbow (freeze)
rCold   . . .        (no shield)
rNeg    . . .        q - +1 crystal plate armour
rPois   .            (helmet restricted)
rElec   .            n - +1 cloak
rCorr   .            (no gloves)
SInv    .            H - +0 pair of boots
Will    .....        c - amulet of regeneration Stlth
                     s - +4 ring of protection
HPRegen 1.17/turn    C - +6 ring of strength
MPRegen 0.12/turn

%: no passive effects
@: grasped by roots, constricted
A: horns 2, retaliatory headbutt
a: Renounce Religion, Potion Petition, Call Merchant, Bribe Branch


You were on level 10 of the Dungeon.
You worshipped Gozag.
Gozag was pleased with you.
You visited 3 branches of the dungeon, and saw 12 of its levels.
You also visited: Sewer.

You collected 1160 gold pieces.
You paid 623 gold pieces to Gozag.

Inventory:

Hand Weapons
 a - a +6 hand crossbow of freezing (weapon)
Missiles
 d - 2 curare-tipped darts {=f !f}
 e - 2 throwing nets {=f !f}
 f - 41 poisoned darts
 h - 120 stones
 x - 3 silver boomerangs
 B - 7 boomerangs
Armour
 i - a +0 hat
 n - a +1 cloak (worn)
 q - a +1 crystal plate armour (worn)
 H - a +0 pair of boots (worn)
Jewellery
 c - an amulet of regeneration (around neck)
 s - a +4 ring of protection (left hand)
 C - a +6 ring of strength (right hand)
Wands
 z - a wand of charming (4)
 D - a wand of flame (35)
Scrolls
 b - a scroll of immolation
 v - a scroll of magic mapping
 A - 3 scrolls of amnesia
Potions
 g - a potion of attraction
 j - 4 potions of lignification
 k - a potion of mutation {unknown}
 l - 3 potions of brilliance
 m - a potion of flight {unknown}
 o - a potion of cancellation
 p - 4 potions of berserk rage
 r - a potion of resistance {unknown}
 t - 3 potions of haste
 u - 2 potions of might
 w - a potion of invisibility {unknown}


   Skills:
 + Level 11.5 Fighting
 + Level 11.3 Ranged Weapons
 + Level 10.6 Dodging
 + Level 8.7 Stealth


You had 10 spell levels left.
You didn't know any spells.
Your spell library contained the following spells:

 Spells                   Type           Power      Damage    Failure   Level
 Beastly Appendage        Tmut           0%         N/A       100%        1
 Magic Dart               Conj           0%         1d3       100%        1
 Summon Small Mammal      Summ           0%         N/A       100%        1
 Blink                    Tloc           0%         N/A       100%        2
 Call Imp                 Summ           0%         N/A       100%        2
 Lesser Beckoning         Tloc           0%         N/A       100%        2
 Momentum Strike          Conj/Tloc      0%         3d8       100%        2
 Wereblood                Tmut           0%         N/A       100%        2
 Call Canine Familiar     Summ           0%         N/A       100%        3
 Mephitic Cloud           Conj/Pois/Air  0%         N/A       100%        3
 Spider Form              Tmut/Pois      0%         N/A       100%        3
 Summon Guardian Golem    Hex/Summ       0%         N/A       100%        3
 Leda's Liquefaction      Hex/Erth       0%         N/A       100%        4
 Petrify                  Tmut/Erth      0%         N/A       100%        4
 Blade Hands              Tmut           0%         N/A       100%        5
 Lee's Rapid Deconstruct  Erth           0%         3d4*      100%        5
 Statue Form              Tmut/Erth      0%         N/A       100%        6
 Necromutation            Tmut/Necr      0%         N/A       100%        8


Dungeon Overview and Level Annotations

Branches:
Dungeon (10/15)            Temple (1/1) D:5            Lair (1/5) D:8
  Sewer (visited)
    Orc: D:9-12

Altars:
Ashenzari
Cheibriados
Dithmenos
Elyvilon
Fedhas
Gozag
Hepliaklqana
Kikubaaqudgha
Makhleb
Nemelex Xobeh
Okawaru
Qazlal
Ru
Sif Muna
Trog
Uskayaw
Vehumet
Wu Jian
Xom
Yredelemnul
Zin
The Shining One

Shops:
D:6 *   D:10 *

Annotations:
D:10 Lodul


Innate Abilities, Weirdness & Mutations

You have a pair of horns on your head.
You reflexively headbutt those who attack you in melee.


Message History

There is an entrance to Neck's Neck Hole here.
You open the door.
There is an open door here.
There is an open door here.
There is an open door here.
You open the door.
There is an open door here.
You open the door. 3 ogres come into view.
The ogre shouts! x3; You hear a shout! x2
An ogre comes into view. It is wielding a +0 giant club.
The ogre moves out of view.
You hear a shout!
You shoot a bolt. The bolt hits the ogre!!
The bolt freezes the ogre.
You kill the ogre!
You hear a shout! x3
Lodul the Thundrous comes into view.
He is wielding a +0 dire flail and carrying a wand of roots (4).
An ogre comes into view. It is wielding a +0 giant club.
The ogre hits you with a +0 giant spiked club!!
An ogre comes into view. It is wielding a +0 giant spiked club.
Lodul moves out of view.
Fire: a) +6 hand crossbow (freeze)
Press: ? - help, Q - select action, (/) - cycle Shift-Dir - straight line, f - ogre
Aim: an ogre, wielding a +0 giant spiked club (84% to hit)
You shoot a bolt. The bolt hits the ogre!!
The bolt freezes the ogre.
You kill the ogre!
Lodul hits you with a +0 dire flail.
Fire: a) +6 hand crossbow (freeze)
Press: ? - help, Q - select action, (/) - cycle Shift-Dir - straight line, f - Lodul
Aim: Lodul, wielding a +0 dire flail and carrying a wand of roots (4) (82% to hit)
You shoot a bolt. The bolt closely misses Lodul.
The bolt barely misses the ogre.
Lodul hits you with a +0 dire flail!
Fire: a) +6 hand crossbow (freeze)
Press: ? - help, Q - select action, (/) - cycle Shift-Dir - straight line, f/p - Lodul
Aim: Lodul, wielding a +0 dire flail and carrying a wand of roots (4) (82% to hit)
You shoot a bolt. The bolt hits Lodul!
The bolt freezes Lodul.
Lodul is lightly wounded.
The ogre is distracted by your dazzling golden aura.
The ogre hits you but does no damage. Lodul hits you but does no damage.
The ogre hits you with a +0 giant spiked club!!
The ogre shouts!
Unknown command.
Fire: a) +6 hand crossbow (freeze)
Press: ? - help, Q - select action, (/) - cycle Shift-Dir - straight line, f/p - Lodul
Aim: Lodul, wielding a +0 dire flail and carrying a wand of roots (4) (lightly wounded, 82% to hit)
You shoot a bolt. The bolt hits Lodul!
The bolt freezes Lodul.
Lodul is moderately wounded.
The ogre is no longer distracted by gold.
An ogre comes into view. It is wielding a +0 giant club.
Lodul hits you with a +0 dire flail!
An ogre comes into view. It is wielding a +0 giant club.
The ogre hits you with a +0 giant spiked club!
* * * LOW HITPOINT WARNING * * *
Lodul zaps a wand.
The roots erupt in riotous growth!
The grasping roots grab you!
Lodul is unaffected.
The ogre is unaffected.
The grasping roots constrict you.
* * * LOW HITPOINT WARNING * * *
You feel better.
The ogre hits you with a +0 giant spiked club!
* * * LOW HITPOINT WARNING * * *
Lodul hits you with a +0 dire flail.
* * * LOW HITPOINT WARNING * * *
The grasping roots constrict you.
The grasping roots release their grip on you.
Okay, then. [a] - 390 gold - brilliance, magic and curing [b] - 330 gold - curing and magic [c] - 176 gold - heal wounds and curing Purchase which effect?
You feel much better.
You feel better.
The ogre hits you with a +0 giant spiked club!
A troll comes into view.
The troll shouts!
Lodul zaps a wand.
The roots erupt in riotous growth!
The ogre is unaffected.
The grasping roots grab you!
Lodul is unaffected.
The ogre is unaffected.
The grasping roots constrict you.
Fire: a) +6 hand crossbow (freeze)
Press: ? - help, Q - select action, (/) - cycle Shift-Dir - straight line, f/p - Lodul
Aim: Lodul, wielding a +0 dire flail and carrying a wand of roots (2) (moderately wounded, 82% to hit)
You shoot a bolt. The bolt hits the ogre!
The bolt freezes the ogre.
The ogre is moderately wounded.
The grasping roots constrict you. x2
The ogre hits you with a +0 giant spiked club!
* * * LOW HITPOINT WARNING * * *
The ogre barely misses you.
Fire: a) +6 hand crossbow (freeze)
Press: ? - help, Q - select action, (/) - cycle Shift-Dir - straight line, f/p - Lodul
Aim: Lodul, wielding a +0 dire flail and carrying a wand of roots (2) (moderately wounded, 82% to hit)
You shoot a bolt. The bolt hits the ogre.
The bolt freezes the ogre.
The ogre is moderately wounded.
The grasping roots constrict you.
The ogre hits you with a +0 giant spiked club!
* * * LOW HITPOINT WARNING * * *
The ogre hits you with a +0 giant club!
* * * LOW HITPOINT WARNING * * *
The grasping roots constrict you.
The ogre hits you with a +0 giant spiked club!
You die...
Your body crumbles into a pile of gold.

.......#
#..##'##################
.......# #..#.....#
.......# #..#.....#
.......###..#.....#
............#.....#
.[..........#....##
......#######....#
......#....#####'##
......#....#....@O#
......#....#.####O#
......#....# #OOT$....
...[..#....# #.#O.....
......#....# #.#......
......#....# ..# .....
......#....# ..# .....
...[..#....######## ....
......#....##....# ....


You could see Lodul, a troll and 4 ogres.

Vanquished Creatures
  Pikel (D:9)
  A manticore (D:10)
  Joseph (D:8)
  A gargoyle (D:8)
  2 cane toads (Lair:1)
  2 kobold demonologists (D:9)
  Maggie (D:8)
  2 polar bears (Lair:1)
  A wyvern (D:10)
  27 yaks
  A wraith (D:10)
  5 steam dragons
  Duvessa (D:7)
  3 water moccasins
  7 orc warriors
  An ice beast (D:6)
  4 ogres
  A centaur (D:10)
  5 bullfrogs
  Blork the orc (D:4)
  7 kobold brigands
  A scorpion (D:4)
  4 wights (D:7)
  Dowan (D:7)
  10 killer bees (D:10)
  5 howler monkeys
  2 hounds
  4 jellies
  7 orc priests
  A sleepcap (D:5)
  2 iguanas (D:5)
  15 orc wizards
  Robin (D:2)
  9 gnolls
  15 adders
  3 river rats
  4 white imps
  A worm (D:2)
  3 dart slugs
  34 orcs
  5 ball pythons
  6 bats
  2 endoplasms
  2 giant cockroaches
  11 hobgoblins
  7 jackals
  7 quokkas
  6 frilled lizards
  14 goblins
  29 kobolds
  15 rats
301 creatures vanquished.

Vanquished Creatures (others)
  A wyvern (D:9)
  4 fungi (D:6)
  14 plants
19 creatures vanquished.

Grand Total: 320 creatures vanquished

Notes
Turn   | Place    | Note
-------+----------+-------------------------------------------
     0 | D:1      | Darkkill the Minotaur Hunter began the quest for the Orb.
     0 | D:1      | Reached XP level 1. HP: 18/18 MP: 0/0
    51 | D:1      | Reached skill level 1 in Stealth
   124 | D:1      | Reached XP level 2. HP: 25/25 MP: 1/1
   129 | D:1      | Found a faded altar of an unknown god.
   130 | D:1      | Noticed a great orb of eyes
   131 | D:1      | Noticed a great orb of eyes
   132 | D:1      | Noticed a shining eye
   132 | D:1      | Noticed a shining eye
   558 | D:1      | Identified a scroll of acquirement
   558 | D:1      | Acquired a +5 hand crossbow of freezing
   601 | D:2      | Reached XP level 3. HP: 31/31 MP: 2/2
   900 | D:2      | Reached XP level 4. HP: 38/38 MP: 3/3
  1022 | D:2      | Reached skill level 5 in Ranged Weapons
  1135 | D:2      | Noticed Robin
  1136 | D:2      | Killed Robin
  1668 | D:3      | Reached XP level 5. HP: 46/46 MP: 4/4
  2204 | D:4      | Noticed Blork the orc
  2208 | D:4      | Killed Blork the orc
  2295 | D:4      | Reached XP level 6. HP: 53/53 MP: 5/5
  2811 | D:4      | Found a glowing drain.
  2815 | Sewer    | Entered a sewer
  2850 | Sewer    | Reached skill level 5 in Fighting
  2850 | Sewer    | Reached XP level 7. HP: 51/61 MP: 6/6
  3651 | D:5      | Entered Level 5 of the Dungeon
  3720 | D:5      | Reached skill level 5 in Dodging
  4124 | D:5      | Found a staircase to the Ecumenical Temple.
  4444 | D:6      | Reached XP level 8. HP: 70/70 MP: 7/7
  4450 | D:6      | Found a sacrificial altar of Ru.
  4998 | D:6      | Found Ufiduest's General Store.
  5083 | D:6      | Found a radiant altar of Vehumet.
  5084 | D:6      | Found an ancient bone altar of Kikubaaqudgha.
  5088 | D:6      | Found a shimmering altar of Xom.
  5089 | D:6      | Found a white marble altar of Elyvilon.
  5092 | D:6      | Found a snail-covered altar of Cheibriados.
  5092 | D:6      | Found a glowing golden altar of the Shining One.
  5093 | D:6      | Found a hazy altar of Hepliaklqana.
  5130 | D:6      | Found a bloodstained altar of Trog.
  5135 | D:6      | Found a stormy altar of Qazlal.
  5199 | D:6      | Reached skill level 5 in Stealth
  5654 | D:7      | Noticed Dowan
  5658 | D:7      | Noticed Duvessa
  5749 | D:7      | Killed Duvessa
  5750 | D:7      | Reached XP level 9. HP: 64/79 MP: 8/8
  5764 | D:7      | Killed Dowan
  6104 | D:7      | Found a hide-covered altar of Uskayaw.
  7075 | D:8      | Found a staircase to the Lair.
  7231 | D:8      | Found a broken altar of Ashenzari.
  7282 | D:8      | Noticed Joseph
  7286 | D:8      | Killed Joseph
  7355 | D:8      | Noticed Maggie
  7359 | D:8      | Killed Maggie
  7629 | D:8      | Reached XP level 10. HP: 91/91 MP: 9/9
  7648 | D:8      | HP: 18/91 [yak (9)]
  7723 | D:8      | Got the Elucidation of the Cockatrice
  7985 | D:8      | Noticed a gargoyle
  7988 | D:8      | Killed a gargoyle
  8274 | Lair:1   | Entered Level 1 of the Lair of Beasts
  8354 | Lair:1   | Noticed a cane toad
  8358 | Lair:1   | Killed a cane toad
  8666 | Lair:1   | Reached skill level 10 in Fighting
  8666 | Lair:1   | Reached skill level 10 in Ranged Weapons
  8725 | Lair:1   | HP: 10/93 [yak (12)]
  8889 | Lair:1   | Noticed a cane toad
  8893 | Lair:1   | Killed a cane toad
  8935 | Lair:1   | Noticed a death yak
  8935 | Lair:1   | Noticed a death yak
  8937 | Lair:1   | Noticed a death yak
  8939 | Lair:1   | Noticed a death yak
  9292 | Temple   | Entered the Ecumenical Temple
  9357 | Temple   | Became a worshipper of Gozag Ym Sagoz the Greedy
  9697 | D:9      | Reached XP level 11. HP: 35/101 MP: 10/10
  9812 | D:9      | Reached skill level 10 in Dodging
  9997 | D:9      | Noticed Pikel
 10000 | D:9      | Killed Pikel
 10308 | D:10     | Entered Level 10 of the Dungeon
 10369 | D:10     | Found Neck's Neck Hole.
 10955 | D:10     | Noticed Lodul
 10959 | D:10     | HP: 19/102 [constriction (3)]
 10965 | D:10     | HP: 20/102 [ogre/+0 giant spiked club[Lodul] (9)]
 10965 | D:10     | HP: 5/102 [ogre/+0 giant club[Lodul] (15)]
 10965 | D:10     | Mangled by an ogre

Illustrated notes

Levels and vault maps discovered:
D:1:      dpeg_arrival_stonehenge_8_columns, layout_basic,
          hellmonk_ecumenical_altar_watching_god
D:2:      layout_loops_corners, uniq_robin
D:3:      layout_rooms, grunt_ministairs_1
D:4:      layout_loops_ring, gup_sewer_entry_spiral, uniq_blork_the_orc
D:5:      layout_basic, temple_pool_b, minmay_bent
D:6:      kennysheep_steamy, layout_basic, nicolae_overflow_hallway_of_the_gods,
          lemuel_round_altar, serial_shops, nicolae_shop_tiny_statue_garden
D:7:      layout_layer_cave, nicolae_uskayaw_dance_hall, uniq_duvessa
D:8:      layout_basic, mainiacjoe_overflow_six_doors_small, lair_entry_dummy,
          uniq_maggie, uniq_joseph
D:9:      layout_rooms, uniq_pikel
D:10:     layout_stronghold, nicolae_shop_sticking_my_neck_out, uniq_lodul
Temple:   hellmonk_temple_flake
Lair:1:   layout_layer_cave, grunt_megastairs_5

Skill      XL: |  1  2  3  4  5  6  7  8  9 10 11 |
---------------+----------------------------------+-----
Stealth        | 1 2 3 4 5 6 7 8 |  8.7
Fighting       | 3 4 5 6 7 9 10 11 | 11.5
Dodging        | 3 4 5 6 8 9 10 | 10.6
Ranged Weapons | 5 6 7 9 10 11 | 11.3

Action                     |  1- 3 |  4- 6 |  7- 9 | 10-12 || total
---------------------------+-------+-------+-------+-------++-------
  Melee: Hand crossbow     |       |       |     2 |       ||     2
         Headbutt          |       |       |     1 |     5 ||     6
         Staff             |       |       |       |    14 ||    14
   Fire: Shortbow          |    46 |       |       |       ||    46
         Hand crossbow     |    21 |   105 |   271 |   230 ||   627
 Invoke: Potion Petition   |       |       |       |     2 ||     2
  Evoke: Wand              |       |       |       |     8 ||     8
    Use: Scroll            |     7 |     7 |     7 |     6 ||    27
         Potion            |       |       |     7 |    11 ||    18
 Armour: Leather armour    |     9 |    12 |     2 |       ||    23
         Crystal plate arm |       |       |   268 |   262 ||   530
  Dodge: Dodged            |    18 |    19 |    54 |    97 ||   188

Table legend: (Time is in decaauts)
 A = Elapsed time spent in this place.
 B = Non-inter-level travel time spent in this place.
 C = Inter-level travel time spent in this place.
 D = Time resting spent in this place.
 E = Time spent auto-exploring this place.
 F = Levels seen in this place.
 G = Mean time per level.
                   A        B        C        D        E       F      G
               +--------+--------+--------+--------+--------+-----+--------+
         Total |  11894 |  10700 |   1194 |    210 |   8230 |  13 |  914.9 |
       Dungeon |  10209 |   9082 |   1127 |    210 |   6980 |  10 | 1020.9 |
        Temple |    144 |    128 |     16 |      0 |    116 |   1 |  144.0 |
          Lair |    798 |    747 |     51 |      0 |    572 |   1 |  798.0 |
         Sewer |    741 |    741 |      0 |      0 |    561 |   1 |  741.0 |
               +--------+--------+--------+--------+--------+-----+--------+

Top non-repeatable levels by time:
     D:8: 1578 daAuts
     D:7: 1536 daAuts
     D:6: 1488 daAuts
     D:2: 1103 daAuts
     D:5: 945 daAuts
     D:4: 940 daAuts
  Lair:1: 798 daAuts
   Sewer: 741 daAuts
     D:9: 727 daAuts
    D:10: 726 daAuts
     D:1: 601 daAuts
     D:3: 561 daAuts
  Temple: 144 daAuts

Levels and vault maps discovered:
D:1:      dpeg_arrival_stonehenge_8_columns, layout_basic,
          hellmonk_ecumenical_altar_watching_god
D:2:      layout_loops_corners, uniq_robin
D:3:      layout_rooms, grunt_ministairs_1
D:4:      layout_loops_ring, gup_sewer_entry_spiral, uniq_blork_the_orc
D:5:      layout_basic, temple_pool_b, minmay_bent
D:6:      kennysheep_steamy, layout_basic, nicolae_overflow_hallway_of_the_gods,
          lemuel_round_altar, serial_shops, nicolae_shop_tiny_statue_garden
D:7:      layout_layer_cave, nicolae_uskayaw_dance_hall, uniq_duvessa
D:8:      layout_basic, mainiacjoe_overflow_six_doors_small, lair_entry_dummy,
          uniq_maggie, uniq_joseph
D:9:      layout_rooms, uniq_pikel
D:10:     layout_stronghold, nicolae_shop_sticking_my_neck_out, uniq_lodul
Temple:   hellmonk_temple_flake
Lair:1:   layout_layer_cave, grunt_megastairs_5

Table legend: (Time is in decaauts)
 A = Elapsed time spent in this place.
 B = Non-inter-level travel time spent in this place.
 C = Inter-level travel time spent in this place.
 D = Time resting spent in this place.
 E = Time spent auto-exploring this place.
 F = Levels seen in this place.
 G = Mean time per level.
                   A        B        C        D        E       F      G
               +--------+--------+--------+--------+--------+-----+--------+
         Total |  11894 |  10700 |   1194 |    210 |   8230 |  13 |  914.9 |
       Dungeon |  10209 |   9082 |   1127 |    210 |   6980 |  10 | 1020.9 |
        Temple |    144 |    128 |     16 |      0 |    116 |   1 |  144.0 |
          Lair |    798 |    747 |     51 |      0 |    572 |   1 |  798.0 |
         Sewer |    741 |    741 |      0 |      0 |    561 |   1 |  741.0 |
               +--------+--------+--------+--------+--------+-----+--------+

Top non-repeatable levels by time:
     D:8: 1578 daAuts
     D:7: 1536 daAuts
     D:6: 1488 daAuts
     D:2: 1103 daAuts
     D:5: 945 daAuts
     D:4: 940 daAuts
  Lair:1: 798 daAuts
   Sewer: 741 daAuts
     D:9: 727 daAuts
    D:10: 726 daAuts
     D:1: 601 daAuts
     D:3: 561 daAuts
  Temple: 144 daAuts

Table legend:
 A = Kills in this place as a percentage of kills in the entire game.
 B = Kills by you in this place as a percentage of kills by you in the entire game.
 C = Kills by friends in this place as a percentage of kills by friends in the entire game.
 D = Other kills in this place as a percentage of other kills in the entire game.
 E = Experience gained in this place as a percentage of experience gained in the entire game.
 F = Experience gained in this place divided by the number of levels of this place that you have seen.
                   A       B       C       D       E      F
               +-------+-------+-------+-------+-------+----------------------
         Total | 100.0 | 100.0 |   N/A | 100.0 | 100.0 | 1420.5
       Dungeon |  88.1 |  88.0 |   N/A | 100.0 |  80.4 | 1484.3
          Lair |   5.0 |   5.0 |   N/A |   0.0 |  18.0 | 3332.0
         Sewer |   7.0 |   7.0 |   N/A |   0.0 |   1.6 | 292.0
               +-------+-------+-------+-------+-------+----------------------
